 Dungeon Crawl Stone Soup version 0.24-a0-513-g284f782df5 (webtiles) character file.

Game seed: 10798550188151415392

85 Azzok the Firebug (level 4, -2/36 HPs)
             Began as a Naga Fire Elementalist on July 20, 2019.
             Slain by an ice beast (10 damage)
             ... on level 3 of the Dungeon.
             The game lasted 00:02:28 (2620 turns).

Azzok the Firebug (Naga Fire Elementalist)          Turns: 2620, Time: 00:02:28

Health: -2/36      AC:  2    Str: 10    XL:     4   Next: 48%
Magic:  4/8        EV: 10    Int: 16    God:
Gold:   123        SH:  0    Dex: 12    Spells: 4/8 levels left

rFire    . . .     SeeInvis +   (no weapon)
rCold    . . .     Gourm    .   (no shield)
rNeg     . . .     Faith    .   a - +0 robe
rPois    +         Spirit   .   (no helmet)
rElec    .         Reflect  .   (no cloak)
rCorr    .         Harm     .   (no gloves)
MR       .....                  (no barding)
Stlth    ++........             (no amulet)
HPRegen  0.12/turn              d - ring of wizardry
MPRegen  0.11/turn              (no ring)

@: very slow
A: large, see invisible, deformed body, poison resistance, slowness 2, slow
metabolism 1, spit poison 1, AC +1
a: Spit Poison


You were on level 3 of the Dungeon.
You were not hungry.

You visited 1 branch of the dungeon, and saw 3 of its levels.

You collected 123 gold pieces.

Inventory:

Armour
 a - a +0 robe (worn)
Jewellery
 d - a ring of wizardry (left hand)
Wands
 n - a wand of acid (11)
Scrolls
 e - a scroll of noise {unknown}
 g - a scroll of teleportation {unknown}
 h - 2 scrolls of identify {unknown}
 j - a scroll of magic mapping {unknown}
 l - a scroll of remove curse {unknown}
Potions
 b - a potion of mutation {unknown}
 f - 2 potions of might {unknown}
 i - a potion of agility {unknown}
 k - a potion of lignification {unknown}
 m - a potion of curing {unknown}
 p - a potion of heal wounds {unknown}
Comestibles
 c - 2 rations
 o - 2 chunks of flesh


   Skills:
 - Level 1.5 Dodging
 - Level 3.0 Stealth
 + Level 2.9 Spellcasting
 + Level 2.5 Conjurations
 + Level 3.8 Fire Magic


You had 4 spell levels left.
You knew the following spells:

 Your Spells              Type           Power        Failure   Level  Hunger
a - Flame Tongue          Conj/Fire      ##...        2%          1    #......
b - Conjure Flame         Conj/Fire      ##......     6%          3    ###....

Your spell library contained the following spells:

 Spells                   Type           Power        Failure   Level  Hunger
 Throw Flame              Conj/Fire      ##....       3%          2    ##.....
 Inner Flame              Hex/Fire       #.......     11%         3    ###....
 Sticky Flame             Conj/Fire      ##......     21%         4    #####..
 Fireball                 Conj/Fire      ##........   47%         5    ######.


Dungeon Overview and Level Annotations

Branches:
Dungeon (3/15)

Altars:
Kikubaaqudgha
Makhleb
Zin


Innate Abilities, Weirdness & Mutations

You cannot wear boots.
Your serpentine skin is tough. (AC +1)
You have supernaturally acute eyesight. (SInv)
Armour fits poorly on your strangely shaped body.
Your system is resistant to poisons. (rPois)
You cover ground very slowly.
You have a slow metabolism.
You can spit poison.


Message History

Casting: Flame Tongue (safe; 2% risk of failure)
Confirm with . or Enter, or press ? or * to list all spells.
Aiming: Flame Tongue (safe; 2% risk of failure)
Press: ? - help, Shift-Dir - straight line, f/p - ice beast
Aim: an ice beast (lightly wounded)
The flame tongue hits the ice beast!
The ice beast melts!
The ice beast is moderately wounded.
The ice beast hits you. The ice beast freezes you!
* * * LOW HITPOINT WARNING * * *
Casting: Flame Tongue (safe; 2% risk of failure)
Confirm with . or Enter, or press ? or * to list all spells.
Aiming: Flame Tongue (safe; 2% risk of failure)
Press: ? - help, Shift-Dir - straight line, f/p - ice beast
Aim: an ice beast (moderately wounded)
The flame tongue hits the ice beast!
The ice beast melts!
The ice beast is severely wounded.
The ice beast hits you.
* * * LOW HITPOINT WARNING * * *
The ice beast freezes you!
You die...

▒▒▒▒▒▒▒▒
▒▒······▒▒
▒▒········▒▒
▒▒▒▒▒▒··········▒
▒··†······<·····▒
▒·▒▒▒▒··········▒
▒(·····@········▒
▒·$▒▒▒▒Y▒▒▒▒····▒▒
▒ ···· ▒·····▒▒
▒······ ▒···<··▒
▒·······▒·(··▒·▒
·····_········▒·▒
··▒·······▒····▒ ▒
▒·▒·······▒····▒
····· ▒·····▒


You could see an ice beast.

Vanquished Creatures
  A howler monkey (D:2)
  A worm (D:2)
  A dart slug (D:3)
  A leopard gecko (D:2)
  An orc (D:3)
  4 bats
  2 giant cockroaches
  5 goblins
  7 hobgoblins
  4 kobolds
  A quokka (D:2)
  A ball python (D:2)
  3 frilled lizards
  5 rats
37 creatures vanquished.

Notes
Turn   | Place    | Note
-------+----------+-------------------------------------------
     0 | D:1      | Azzok the Naga Fire Elementalist began the quest for the
                  | Orb.
     0 | D:1      | Reached XP level 1. HP: 15/15 MP: 3/3
   400 | D:1      | Reached XP level 2. HP: 17/22 MP: 1/5
  1604 | D:2      | Reached XP level 3. HP: 28/28 MP: 3/6
  1609 | D:2      | Learned a level 3 spell: Conjure Flame
  1961 | D:2      | Reached XP level 4. HP: 33/36 MP: 0/8
  2210 | D:2      | Found an ancient bone altar of Kikubaaqudgha.
  2434 | D:2      | Found a burning altar of Makhleb.
  2562 | D:3      | Found a glowing silver altar of Zin.
  2614 | D:3      | Noticed an ice beast
  2620 | D:3      | Slain by an ice beast

Levels and vault maps discovered:
D:1:      dpeg_arrival_connections, layout_basic
D:2:      layout_basic, lightli_temple_of_fire, kiku_gazebo_pond_becter
D:3:      layout_rooms, old_standard_altar, tgw_trog

Skill      XL: |  1  2  3 |
---------------+----------+-----
Conjurations   | 2 |  2.5
Dodging        | |  1.5
Stealth        | |  3.0
Spellcasting   | |  2.9
Fire Magic     | |  3.8

Action                   |  1- 3 |  4- 6 || total
-------------------------+-------+-------++-------
Melee: Unarmed           |    15 |     5 ||    20
 Cast: Flame Tongue      |    51 |    20 ||    71
 Abil: Spit Poison       |     2 |       ||     2
  Eat: Chunk             |     3 |     2 ||     5
Armor: Robe              |     6 |     2 ||     8
Dodge: Dodged            |    25 |     4 ||    29

Table legend:
 A = Non-vault XP
 B = Vault XP
 C = Vault XP percentage of total XP
 D = Non-vault monster count
 E = Vault monster count
 F = Vault count percentage of total count
                 A         B        C        D         E       F
            +---------+---------+-------+---------+---------+-------
      Total |     122 |       0 |   0.0 |      37 |       0 |   0.0
            +---------+---------+-------+---------+---------+-------
        D:1 |      22 |       0 |   0.0 |      12 |       0 |   0.0
        D:2 |      91 |       0 |   0.0 |      21 |       0 |   0.0
        D:3 |       9 |       0 |   0.0 |       4 |       0 |   0.0
            +---------+---------+-------+---------+---------+-------
